 Dungeon Crawl Stone Soup version 0.29.1-15-g9cfb28693d (webtiles) character file.

Game seed: 13973237841233688510

71367 kingofthe the Nimble (level 14, -16/68 HPs)
             Began as a Deep Elf Conjurer on Mar 5, 2023.
             Was an Elder of Sif Muna.
             Demolished by a boulder beetle (50 damage)
             ... on level 12 of the Dungeon.
             The game lasted 02:47:48 (37079 turns).

kingofthe the Nimble (Deep Elf Conjurer)           Turns: 37079, Time: 02:47:49

Health: -16/68     AC: 14    Str: 10    XL:     14   Next: 97%
Magic:  42/42      EV: 17    Int: 36    God:    Sif Muna [****..]
Gold:   9          SH:  0    Dex: 15    Spells: 3/39 levels left

rFire   + . .      SeeInvis .   a - +7 halberd of the Meager God {vorpal, rN+ Str+3 Stlth+}
rCold   x . .      Faith    .   (shield currently unavailable)
rNeg    + . .      Spirit   .   x - +0 acid dragon scales
rPois   .          Reflect  .   p - +2 helmet {Int+3}
rElec   .          Harm     .   w - +0 cloak
rCorr   +          Rampage  .   (no gloves)
Will    ++...                   B - +2 pair of boots "Jutarink" {Int+6}
Stlth   +++++.....              H - amulet of Accord {RegenMP Str+3}
HPRegen 0.21/turn               W - ring of willpower
MPRegen 0.68/turn               f - ring of Ziveff Codgh {Fire MP+9}

@: no status effects
A: no striking features
a: Renounce Religion, Channel Magic, Forget Spell, Divine Exegesis


You were on level 12 of the Dungeon.
You worshipped Sif Muna.
Sif Muna was greatly pleased with you.
You visited 4 branches of the dungeon, and saw 21 of its levels.

You collected 1461 gold pieces.
You spent 1452 gold pieces at shops.


   Skills:
 - Level 3.0 Armour
 - Level 13.4 Dodging
 - Level 9.0 Stealth
 + Level 13.2 Spellcasting
 - Level 11.7 Conjurations
 - Level 10.6 Hexes
 * Level 1.0 Necromancy
 - Level 2.0 Translocations
 + Level 6.5 Fire Magic
 - Level 10.7 Air Magic
 + Level 6.2 Earth Magic
 - Level 8.5 Invocations
 - Level 7.9 Evocations


You had 3 spell levels left.
You knew the following spells:

 Your Spells              Type           Power      Damage    Failure   Level
a - Magic Dart            Conj           100%       1d8       1%          1
b - Searing Ray           Conj           100%       2d8       1%          2
c - Slow                  Hex            100%       N/A       1%          1
d - Fulminant Prism       Conj/Hex       40%        3d20      1%          4
e - Airstrike             Air            39%        2d(6-22)  1%          4
f - Fireball              Conj/Fire      47%        3d19      1%          5
g - Iskenderun's Mystic   Conj/Tloc      65%        2d13      1%          4
h - Borgnjor's Vile Clut  Necr/Erth      25%        N/A       16%         5
r - Swiftness             Air            79%        N/A       1%          3
z - Iskenderun's Battles  Conj           83%        2d13      1%          5
B - Blink                 Tloc           76%        N/A       1%          2

Your spell library contained the following spells:

 Spells                   Type           Power      Damage    Failure   Level
 Shock                    Conj/Air       100%       1d9       1%          1
 Ensorcelled Hibernation  Hex/Ice        100%       N/A       1%          2
 Poisonous Vapours        Pois/Air       100%       N/A       1%          2
 Confusing Touch          Hex            79%        N/A       1%          3
 Dazzling Flash           Conj/Hex       100%       N/A       1%          3
 Tukima's Dance           Hex            79%        N/A       1%          3
 Sting                    Tmut/Pois      92%        1d7       2%          1
 Vampiric Draining        Necr           31%        2d8       4%          3
 Silence                  Hex/Air        39%        N/A       1%          5
 Freezing Cloud           Conj/Ice/Air   33%        6-21      3%          5
 Corpse Rot               Necr/Pois/Air  51%        N/A       4%          4
 Lee's Rapid Deconstruct  Erth           31%        3d17*     5%          5
 Irradiate                Conj/Tmut      30%        3d21      6%          5
 Animate Armour           Summ/Erth      92%        N/A       8%          4
 Metabolic Englaciation   Hex/Ice        29%        N/A       9%          5
 Summon Mana Viper        Hex/Summ       58%        N/A       9%          5
 Yara's Violent Unravell  Hex/Tmut       29%        3d12      9%          5
 Iron Shot                Conj/Erth      36%        9d7       10%         6
 Passage of Golubria      Tloc           38%        N/A       12%         4
 Olgreb's Toxic Radiance  Pois           23%        N/A       26%         4
 Manifold Assault         Tloc           38%        N/A       32%         5
 Agony                    Necr           31%        N/A       43%         5
 Summon Forest            Summ/Tloc      15%        N/A       43%         5
 Alistair's Intoxication  Tmut/Pois      15%        N/A       58%         5
 Blade Hands              Tmut           11%        N/A       58%         5
 Spellforged Servitor     Conj/Summ      30%        N/A       89%         7
 Storm Form               Tmut/Air       29%        N/A       94%         7
 Eringya's Noxious Bog    Tmut/Pois      11%        N/A       99%         6
 Summon Cactus Giant      Summ           11%        N/A       99%         6
 Dragon Form              Tmut           11%        N/A       100%        7
 Summon Hydra             Summ           11%        N/A       100%        7

Inventory:

Hand Weapons
 a - the +7 halberd of the Meager God (weapon) {vorpal, rN+ Str+3 Stlth+}
   (You found it on level 5 of the Lair of Beasts)

   It inflicts extra damage upon your enemies.
   Str:       It affects your strength (+3).
   rN:        It protects you from negative energy.
   Stlth:     It makes you more stealthy.
Armour
 h - an orb of energy
 p - a +2 helmet of intelligence (worn)
 u - a +2 leather armour of cold resistance
 w - a +0 cloak (worn)
 x - +0 acid dragon scales (worn)
 B - the +2 pair of boots "Jutarink" (worn) {Int+6}
   (You found it on level 3 of the Lair of Beasts)

   Int:       It affects your intelligence (+6).
 M - a +2 robe of cold resistance
Jewellery
 c - a ring of ice
 f - the ring of Ziveff Codgh (right hand) {Fire MP+9}
   (You found it on level 5 of the Lair of Beasts)

   [ring of fire]

   It enhances your fire magic.
   rF:        It protects you from fire.
   rC:        It makes you vulnerable to cold.
   MP:        It affects your magic capacity (+9).
 t - a +4 ring of protection
 C - a ring of protection from cold
 E - a +4 ring of evasion
 F - a ring of protection from fire
 H - the amulet of Accord (around neck) {RegenMP Str+3}
   (You bought it in a shop on level 12 of the Dungeon)

   [amulet of magic regeneration]

   It increases your rate of magic regeneration.
   Str:       It affects your strength (+3).
 I - a +6 ring of intelligence
 N - a ring of positive energy
 P - a ring of poison resistance
 R - a ring of resist corrosion
 W - a ring of willpower (left hand)
Wands
 l - a wand of digging (8)
 m - a wand of acid (3)
 O - a wand of iceblast (2)
 Q - a wand of flame (62)
 U - a wand of charming (11)
Scrolls
 i - 3 scrolls of fear
 j - 2 scrolls of blinking
 n - 3 scrolls of silence {!r}
 o - 4 scrolls of poison
 r - 2 scrolls of amnesia
 s - 6 scrolls of teleportation {@r2}
 v - a scroll of fog
 G - 2 scrolls of vulnerability
 J - a scroll of identify {@r1}
Potions
 b - 3 potions of invisibility {unknown}
 e - 3 potions of ambrosia
 g - 9 potions of curing {@q1}
 k - 4 potions of heal wounds {@q2}
 q - 3 potions of might
 y - a potion of magic
 z - a potion of degeneration {unknown}
 A - 3 potions of haste {@q3}
 D - 5 potions of brilliance
 V - a potion of resistance {unknown}
Miscellaneous
 d - a condenser vane
 Y - a tin of tremorstones (2/2)

Dungeon Overview and Level Annotations

Branches:
Dungeon (13/15)            Temple (1/1) D:6            Lair (5/5) D:8
 Shoals (0/4) Lair:3       Spider (0/4) Lair:2        Slime (0/5) Lair:4
    Orc (2/2) D:11
    Elf: Orc:2       Vaults: D:13-14

Altars:
Ashenzari
Cheibriados
Dithmenos
Elyvilon
Fedhas
Gozag
Hepliaklqana
Kikubaaqudgha
Makhleb
Nemelex Xobeh
Okawaru
Qazlal
Ru
Sif Muna
Trog
Uskayaw
Vehumet
Wu Jian
Xom
Yredelemnul
Zin
The Shining One
Jiyva

Shops:
D:8 =[(   D:9 (   D:10 :[((   D:12 :=??

Annotations:
Orc:1 Switch to willpower for rupert
Orc:2 Rupert

.................................
###########..########...########.
###########..########....).......
..)........<................[....
#########......................∩#
#########..#######..##########..#
...........#######..............#
.................................
#######.......<.@B..#######...###
#♣# #..#########○.# #...# ."#
#..# #°.# #...# ♣∩♣ #..# #..#
#...#
[.#####..#########..#######...###
.♣...............................
.................................
#############............########
# #............#


You could see a boulder beetle (rolling, slow).


Message History

Casting: Searing Ray (safe; 1% risk of failure)
Confirm with . or Enter, or press ? or * to list all spells.
You conjure a globe of magical energy.
The boulder beetle bites you.
Casting: Iskenderun's Battlesphere (dangerous; 1% risk of failure)
Confirm with . or Enter, or press ? or * to list all spells.
Aiming: Slow (safe; 1% risk of failure)
Press: ? - help, Shift-Dir - straight line, f - boulder beetle
Aim: a boulder beetle (chance to affect: 47%)
The boulder beetle resists with some effort.
The boulder beetle bites you!
* * * LOW HITPOINT WARNING * * *
Casting: Slow (safe; 1% risk of failure)
Confirm with . or Enter, or press ? or * to list all spells.
You blink.
Okay, then.
Casting: Blink (safe; 1% risk of failure)
Confirm with . or Enter, or press ? or * to list all spells.
Aiming: Slow (safe; 1% risk of failure)
Press: ? - help, Shift-Dir - straight line, f/p - boulder beetle
Aim: a boulder beetle (chance to affect: 47%)
The boulder beetle seems to slow down.
You feel stable enough to blink again.
The boulder beetle curls into a ball and begins rolling!
The boulder beetle hits your battlesphere!!
Your battlesphere is destroyed!
The boulder beetle stops rolling and uncurls.
The boulder beetle curls into a ball and begins rolling!
The boulder beetle hits you!!!
Ouch! That really hurt!
You die...

Skill      XL: |  1  2  3  4  5  6  7  8  9 10 11 12 13 14 |
---------------+-------------------------------------------+-----
Dodging        | 3 4 5 6 7 8 10 11 13 | 13.4
Spellcasting   | 4 5 6 8 9 10 11 12 13 | 13.2
Stealth        | 3 4 5 6 8 9 |  9.0
Conjurations   | 5 6 7 8 9 10 11 | 11.7
Hexes          | 1 2 4 5 7 8 9 10 | 10.6
Air Magic      | 3 6 7 9 10 | 10.7
Invocations    | 3 5 7 8 |  8.5
Evocations     | 4 7 |  7.9
Translocations | 2 |  2.0
Earth Magic    | 3 6 |  6.2
Armour         | 1 3 |  3.0
Fire Magic     | 6 |  6.5
Necromancy     | 1 |  1.0

Action                   |  1- 3 |  4- 6 |  7- 9 | 10-12 | 13-15 || total
-------------------------+-------+-------+-------+-------+-------++-------
Melee: Dagger            |     7 |     8 |       |     9 |     4 ||    28
       Spear             |       |       |       |       |     4 ||     4
 Cast: Magic Dart        |    55 |    52 |    92 |   166 |   334 ||   699
       Searing Ray       |     6 |    15 |    60 |    42 |    68 ||   191
       Slow              |     1 |     9 |    46 |    63 |    54 ||   173
       Fulminant Prism   |       |       |    22 |    44 |    36 ||   102
       Airstrike         |       |       |       |    66 |    24 ||    90
       Iskenderun's Batt |       |       |       |    34 |   118 ||   152
       Blink             |       |       |       |       |     6 ||     6
       Iskenderun's Myst |       |       |       |       |    21 ||    21
       Swiftness         |       |       |       |       |     1 ||     1
       Fireball          |       |       |       |       |     8 ||     8
       Iron Shot         |       |       |       |       |     1 ||     1
Invok: Channel Magic     |       |       |       |     1 |     4 ||     5
Evoke: Wand              |       |       |       |       |     1 ||     1
  Use: Scroll            |       |     4 |     2 |    17 |    11 ||    34
       Potion            |       |       |       |     3 |     2 ||     5
Armor: Robe              |     2 |     5 |    17 |    20 |     7 ||    51
       Acid dragon scale |       |       |       |       |    70 ||    70
Dodge: Dodged            |    11 |    22 |    88 |    54 |   263 ||   438

Levels and vault maps discovered:
D:1:      matt_arrival_spirals, layout_loops_ring,
          dreamdust_ecumenical_altar_statues, minmay_misc_feat_x
D:2:      layout_rooms, serial_aquarium, aquarium_bridge_long_joined
          [aquarium_subvault_wall, aquarium_subvault_window,
          aquarium_subvault_bridge, aquarium_subvault_wall,
          aquarium_subvault_window, aquarium_subvault_bridge],
          aquarium_window_3, aquarium_window_2, aquarium_window_double,
          aquarium_window_fake, aquarium_view_2a, aquarium_balcony_3b
D:3:      layout_rooms, cheibriados_altar_2, serial_rivers,
          chequers_serial_rivers_micro_a, chequers_serial_rivers_micro_b,
          chequers_serial_rivers_small_b, chequers_serial_rivers_small_3,
          chequers_serial_rivers_small_3, chequers_serial_rivers_small_3,
          serial_bayou_lagoon_b
D:4:      layout_loops_cross, uniq_menkaure
D:5:      layout_cave_pods
D:6:      layout_rooms, tso_metal_star, minmay_temple_entry_poolview,
          gammafunk_ghost_necromancy, uniq_grinder, uniq_edmund
D:7:      layout_basic
D:8:      layout_cave_pools, mainiacjoe_overflow_divided_tiny, lair_entry_dummy,
          serial_shops, nicolae_shop_temple_entry_statues_fountains, shop,
          nicolae_shop_trees, kennysheep_flooded_box, st_stairs_6
D:9:      layout_loops_ring, grunt_temple_overflow_diamond, serial_shops,
          nicolae_shop_advertising_works [nicolae_subvault_shop_adworks],
          uniq_joseph, uniq_maggie
D:10:     layout_roguey, serial_shops, nicolae_shop_trees, kennysheep_mini,
          nicolae_take_the_stairs, nicolae_inconvenience_store, minmay_orc_keep,
          uniq_harold
D:11:     layout_loops_ring, david_orc_4, uniq_urug
D:12:     layout_long_grid, serial_shops, shop, nicolae_shop_trees,
          kennysheep_mini_moat, shop, chequers_serial_rivers_micro_e,
          uniq_nergalle, uniq_erolcha
D:13:     layout_cave_pools, erik_vaults_2
Temple:   nicolae_temple_bog_church
Lair:1:   layout_cave_pods, serial_rivers, chequers_serial_rivers_marsh,
          chequers_serial_rivers_small_a, chequers_serial_rivers_micro_d,
          chequers_serial_rivers_room_b, chequers_serial_rivers_micro_b,
          chequers_serial_rivers_room_a, minivault_27,
          kennysheep_abandoned_house, uniq_sonja
Lair:2:   layout_loops_ring, spider_nest_entry_rubble, grunt_megastairs_3,
          lemuel_fruit_fields
Lair:3:   layout_small_grid, shoals_dummy_entry, ice2_lemuel,
          lemuel_fruit_fields
Lair:4:   layout_regular_city, slime_entry_1, nzn_random_ring,
          grunt_megastairs_2
Lair:5:   minmay_lair_end_frog_pond, layout_regular_city, lemuel_oklob_altar,
          uniq_nessos
Orc:1:    layout_caves, uniq_fannar
Orc:2:    st_orc_mages, layout_caves, ebering_ghost_disaster_area, basic_altar,
          uniq_rupert, uniq_snorg

Notes
Turn   | Place    | Note
-------+----------+-------------------------------------------
     0 | D:1      | kingofthe the Deep Elf Conjurer began the quest for the
                  | Orb.
     0 | D:1      | Reached XP level 1. HP: 10/10 MP: 6/6
   177 | D:1      | Reached XP level 2. HP: 15/15 MP: 2/8
   180 | D:1      | Learned a level 2 spell: Searing Ray
   405 | D:1      | Found a faded altar of an unknown god.
   551 | D:1      | Reached skill level 3 in Dodging
  1303 | D:2      | Reached XP level 3. HP: 19/19 MP: 5/10
  1780 | D:2      | Reached skill level 4 in Spellcasting
  1876 | D:2      | Learned a level 1 spell: Slow
  2016 | D:3      | Reached skill level 3 in Stealth
  2016 | D:3      | Reached skill level 5 in Conjurations
  2016 | D:3      | Reached XP level 4. HP: 24/24 MP: 3/12
  2356 | D:3      | Found a snail-covered altar of Cheibriados.
  2678 | D:3      | Reached skill level 1 in Hexes
  2678 | D:3      | Reached XP level 5. HP: 15/28 MP: 8/14
  2689 | D:3      | Reached skill level 4 in Dodging
  3110 | D:4      | Reached skill level 5 in Spellcasting
  3367 | D:4      | Noticed Menkaure
  3376 | D:4      | Killed Menkaure
  3377 | D:4      | Reached skill level 2 in Hexes
  3377 | D:4      | Reached XP level 6. HP: 32/32 MP: 5/16
  4028 | D:5      | Entered Level 5 of the Dungeon
  4355 | D:5      | Reached skill level 5 in Dodging
  4355 | D:5      | Reached skill level 4 in Stealth
  4355 | D:5      | Reached skill level 6 in Conjurations
  4355 | D:5      | Reached XP level 7. HP: 36/36 MP: 8/17
  4733 | D:5      | Reached skill level 6 in Spellcasting
  5321 | D:5      | Learned a level 4 spell: Fulminant Prism
  5414 | D:5      | Reached skill level 3 in Hexes
  5538 | D:6      | Noticed Grinder
  5538 | D:6      | Noticed Edmund
  5799 | D:5      | Reached skill level 6 in Dodging
  5820 | D:6      | Reached skill level 4 in Hexes
  5820 | D:6      | Reached XP level 8. HP: 41/41 MP: 16/20
  5848 | D:6      | Found a glowing golden altar of the Shining One.
  5872 | D:6      | Reached skill level 7 in Spellcasting
  6001 | D:6      | Found a staircase to the Ecumenical Temple.
  6118 | Temple   | Entered the Ecumenical Temple
  6320 | D:6      | Found a runed translucent gate.
  6320 | D:6      | Found a runed translucent gate.
  6320 | D:6      | Found a runed translucent gate.
  6401 | D:6      | Noticed bnorton916's ghost (novice DEFE)
  6469 | D:6      | Reached skill level 5 in Stealth
  6469 | D:6      | Reached skill level 7 in Conjurations
  6611 | D:6      | Reached skill level 5 in Hexes
  6988 | D:6      | Killed Grinder
  6989 | D:6      | Reached skill level 7 in Dodging
  6989 | D:6      | Reached skill level 8 in Spellcasting
  7107 | D:6      | Killed Edmund
  7108 | D:6      | Reached XP level 9. HP: 45/45 MP: 9/23
  7278 | D:7      | Reached skill level 6 in Hexes
  7283 | D:7      | Learned a level 4 spell: Airstrike
  7572 | D:7      | Reached skill level 1 in Air Magic
  7648 | D:7      | Reached skill level 6 in Stealth
  7827 | D:7      | Reached skill level 8 in Conjurations
  7827 | D:7      | Reached skill level 2 in Air Magic
  7990 | D:7      | Reached skill level 8 in Dodging
  8650 | D:7      | Reached skill level 3 in Air Magic
  8958 | D:8      | Found a staircase to the Lair.
  9005 | D:8      | Reached skill level 9 in Spellcasting
  9005 | D:8      | Reached skill level 7 in Hexes
 10509 | D:8      | Reached XP level 10. HP: 47/49 MP: 10/25
 10673 | D:8      | Reached skill level 4 in Air Magic
 10676 | D:8      | Reached skill level 9 in Dodging
 10855 | D:8      | Reached skill level 7 in Stealth
 11298 | D:8      | Found Mozeemif's Jewellery Shoppe.
 11372 | D:8      | Found a shimmering blue altar of Sif Muna.
 11372 | D:8      | Found a shadowy altar of Dithmenos.
 11375 | D:8      | Became a worshipper of Sif Muna the Loreminder
 11417 | D:8      | Found Juas's Antique Weapon Emporium.
 11491 | D:8      | Found Acheuf's Armour Emporium.
 11727 | D:8      | Bought a ring of poison resistance for 320 gold pieces
 11892 | D:9      | Noticed a two-headed ogre
 11900 | D:9      | Killed a two-headed ogre
 11901 | D:9      | Reached skill level 5 in Air Magic
 11928 | D:9      | Noticed Joseph
 11955 | D:9      | Killed Joseph
 11956 | D:9      | Reached skill level 10 in Dodging
 12107 | D:9      | Paralysed by a hornet for 3 turns
 12117 | D:9      | Reached skill level 8 in Hexes
 12598 | D:9      | Reached skill level 9 in Conjurations
 12643 | D:9      | Found Fihe's Weapon Boutique.
 12894 | D:9      | Noticed Maggie
 12914 | D:9      | Killed Maggie
 12915 | D:9      | Reached skill level 10 in Spellcasting
 13006 | D:9      | Found a shimmering altar of Xom.
 13008 | D:9      | Found a broken altar of Ashenzari.
 13012 | D:9      | Found a hazy altar of Hepliaklqana.
 13212 | Lair:1   | Entered Level 1 of the Lair of Beasts
 13231 | Lair:1   | Noticed a cane toad
 13236 | Lair:1   | Killed a cane toad
 13237 | Lair:1   | Reached skill level 8 in Stealth
 13237 | Lair:1   | Reached skill level 6 in Air Magic
 13237 | Lair:1   | Reached XP level 11. HP: 54/54 MP: 10/27
 13645 | Lair:1   | Noticed Sonja
 13655 | Lair:1   | Killed Sonja
 14174 | Lair:1   | Reached * piety under Sif Muna
 14393 | Lair:1   | Reached skill level 11 in Dodging
 14845 | Lair:1   | Reached skill level 7 in Air Magic
 15154 | Lair:2   | Reached skill level 9 in Hexes
 15421 | Lair:2   | Reached skill level 1 in Invocations
 15588 | Lair:2   | Reached skill level 2 in Invocations
 16271 | Lair:1   | Learned a level 4 spell: Iskenderun's Mystic Blast
 16571 | Lair:2   | Learned a level 5 spell: Iskenderun's Battlesphere
 16633 | Lair:2   | Found a hole to the Spider Nest.
 16642 | Lair:2   | Reached skill level 11 in Spellcasting
 16642 | Lair:2   | Reached skill level 3 in Invocations
 17114 | Lair:3   | Noticed a lindwurm
 17634 | Lair:3   | Reached ** piety under Sif Muna
 17723 | Lair:3   | Reached XP level 12. HP: 59/59 MP: 15/29
 17804 | Lair:3   | Reached skill level 12 in Dodging
 17842 | Lair:3   | Reached skill level 1 in Evocations
 17846 | Lair:3   | Noticed an ice dragon
 17858 | Lair:3   | Killed an ice dragon
 17859 | Lair:3   | Reached skill level 8 in Air Magic
 17868 | Lair:3   | Reached skill level 10 in Conjurations
 18198 | Lair:3   | Reached skill level 4 in Invocations
 18211 | Lair:3   | Reached skill level 2 in Evocations
 19094 | Lair:3   | Reached skill level 3 in Evocations
 19180 | Lair:3   | Found a staircase to the Shoals.
 19630 | Lair:3   | Reached skill level 10 in Hexes
 19630 | Lair:3   | Reached skill level 5 in Invocations
 19937 | Lair:3   | Identified the +6 dagger of Vodka {pain, +Blink rPois Str-5
                  | Dex-5}
 19953 | Lair:3   | Identified the +2 pair of boots "Jutarink" {Int+6}
 20057 | Lair:4   | Noticed a death yak
 20057 | Lair:4   | Noticed a death yak
 20057 | Lair:4   | Noticed a death yak
 20057 | Lair:4   | Noticed a death yak
 20130 | Lair:4   | Reached skill level 4 in Evocations
 20845 | Lair:3   | Killed a death yak
 20845 | Lair:3   | Reached *** piety under Sif Muna
 20846 | Lair:3   | Reached skill level 9 in Air Magic
 20956 | Lair:3   | Killed a death yak
 21109 | Lair:3   | Killed a death yak
 21110 | Lair:3   | Reached skill level 13 in Dodging
 21476 | Lair:3   | Killed a death yak
 21477 | Lair:3   | Reached XP level 13. HP: 43/63 MP: 11/30
 21750 | Lair:3   | Reached skill level 6 in Invocations
 22030 | Lair:4   | Reached skill level 5 in Evocations
 22555 | Lair:4   | Found a viscous altar of Jiyva.
 22556 | Lair:4   | Found a staircase to the Slime Pits.
 22648 | Lair:4   | Learned a level 3 spell: Swiftness
 23039 | Lair:4   | Reached skill level 12 in Spellcasting
 23631 | Lair:4   | Learned a level 2 spell: Blink
 24034 | Lair:5   | Entered Level 5 of the Lair of Beasts
 24080 | Lair:4   | Reached skill level 1 in Translocations
 24161 | Lair:4   | Reached skill level 7 in Invocations
 24420 | Lair:4   | Reached skill level 6 in Evocations
 24521 | Lair:4   | Found a staircase to the Slime Pits.
 24521 | Lair:4   | Found a viscous altar of Jiyva.
 24789 | Lair:4   | Reached skill level 2 in Translocations
 25611 | D:10     | Entered Level 10 of the Dungeon
 25628 | D:10     | Learned a level 6 spell: Iron Shot
 25811 | D:10     | Found Roask's Antique Weapon Emporium.
 25844 | D:10     | Found Duirot's Weapon Boutique.
 26305 | D:10     | Found Sot Bud's Book Shoppe.
 26336 | D:10     | Reached skill level 1 in Earth Magic
 26470 | D:10     | Found Unworiko's Antique Armour Shop.
 26489 | D:10     | Reached skill level 10 in Air Magic
 26868 | D:10     | Reached **** piety under Sif Muna
 27124 | D:10     | Noticed Harold
 27128 | D:10     | Killed Harold
 27129 | D:10     | Reached skill level 11 in Conjurations
 27636 | D:11     | Reached skill level 2 in Earth Magic
 27881 | D:11     | Reached skill level 1 in Armour
 28213 | D:11     | Noticed Urug
 28222 | D:11     | Killed Urug
 28223 | D:11     | Reached skill level 9 in Stealth
 29024 | D:11     | Found a staircase to the Orcish Mines.
 29251 | D:11     | Reached skill level 3 in Earth Magic
 29621 | Orc:1    | Entered Level 1 of the Orcish Mines
 29640 | Orc:1    | Noticed Fannar
 29658 | Orc:1    | Killed Fannar
 29659 | Orc:1    | Reached skill level 7 in Evocations
 29841 | Orc:1    | Reached XP level 14. HP: 68/68 MP: 24/32
 30063 | Orc:2    | Entered Level 2 of the Orcish Mines
 30063 | Orc:2    | Found a burning altar of Makhleb.
 30934 | Lair:5   | Found a hazy altar of Hepliaklqana.
 30957 | Lair:5   | Reached skill level 4 in Earth Magic
 31311 | Lair:5   | Reached skill level 2 in Armour
 31546 | Lair:4   | Reached skill level 8 in Invocations
 32208 | Lair:5   | Noticed Nessos
 32510 | Lair:5   | Reached skill level 5 in Earth Magic
 32921 | Lair:5   | Reached skill level 13 in Spellcasting
 33349 | Lair:5   | Identified the +7 halberd of the Meager God {vorpal, rN+
                  | Str+3 Stlth+}
 33356 | Lair:5   | Identified the ring of Ziveff Codgh {Fire MP+9}
 33359 | Lair:5   | Got the Lessons on Fetching Embers
 33862 | Lair:5   | Reached skill level 3 in Armour
 34191 | Lair:5   | Killed Nessos
 34192 | Lair:5   | Reached skill level 6 in Earth Magic
 34511 | D:6      | Killed bnorton916's ghost
 34511 | D:6      | Reached ***** piety under Sif Muna
 34534 | D:6      | Learned a level 5 spell: Fireball
 34701 | D:12     | Found Tustriud's Book Boutique.
 34719 | D:12     | Found Mecuinum's Jewellery Boutique.
 34726 | D:12     | Bought the amulet of Accord {RegenMP Str+3} for 562 gold
                  | pieces
 34776 | D:12     | Found Yfan's Magic Scroll Boutique.
 34789 | D:12     | Reached skill level 1 in Fire Magic
 34847 | D:12     | Received a gift from Sif Muna
 34848 | D:12     | Reached skill level 2 in Fire Magic
 34848 | D:12     | Got Sif Muna's Advanced Witchery {god gift}
 34914 | D:12     | Found Vuleloedd's Magic Scroll Shoppe.
 34934 | D:12     | Noticed Nergalle
 34939 | D:12     | Killed Nergalle
 34940 | D:12     | Reached skill level 3 in Fire Magic
 35196 | Orc:2    | Noticed Rupert
 35401 | D:12     | Noticed Erolcha
 35521 | D:12     | Reached skill level 4 in Fire Magic
 35958 | D:12     | Killed Erolcha
 36282 | D:13     | Reached skill level 5 in Fire Magic
 36390 | D:13     | Reached skill level 6 in Fire Magic
 36740 | D:12     | Bought Great Wizards, Vol. II for 570 gold pieces
 36752 | D:12     | Learned a level 5 spell: Borgnjor's Vile Clutch
 36824 | D:12     | Reached skill level 1 in Necromancy
 37079 | D:12     | Demolished by a boulder beetle

Vanquished Creatures
  Nessos (Lair:5)
  A vault guard (D:12)
  Harold (D:10)
  Fannar (Orc:1)
  Erolcha (D:12)
  5 hydras
  An ice dragon (Lair:3)
  2 boulder beetles (D:13)
  3 two-headed ogres
  9 death yaks
  Urug (D:11)
  Sonja (Lair:1)
  Nergalle (D:12)
  A fire crab (Lair:4)
  A goliath frog (Lair:5)
  A lindwurm (Lair:3)
  3 ugly things
  3 cyclopes (D:11)
  2 oklob plants
  A manticore (D:11)
  5 elephants (Lair:4)
  10 black mambas
  Joseph (D:9)
  2 torpor snails (Lair:3)
  21 cane toads
  An ice statue (Lair:3)
  The ghost of bnorton916 the Thaumaturge, a novice DEFE of Sif Muna (D:6)
  2 gargoyles (D:10)
  Maggie (D:9)
  10 komodo dragons
  An unseen horror zombie (D:6)
  An unseen horror (D:12)
  5 rime drakes
  5 trolls
  2 tyrant leeches (Lair:5)
  2 meliai (D:13)
  3 hornets
  Grinder (D:6)
  9 polar bears
  13 dream sheep
  6 slime creatures (D:12)
  20 blink frogs
  A jumping spider (Lair:2)
  2 vampires
  A shadow (D:11)
  59 yaks
  A wraith (D:11)
  A wyvern (D:10)
  6 basilisks
  2 steam dragons
  9 vampire mosquitoes
  Edmund (D:6)
  Menkaure (D:4)
  2 wargs (Orc:1)
  18 water moccasins
  An acid dragon (D:10)
  11 ice beasts
  8 orc warriors
  2 sky beasts (D:6)
  A black bear (D:7)
  2 ogres
  9 centaurs
  A phantom (D:5)
  3 kobold brigands
  16 bullfrogs
  2 necrophages
  3 gnoll sergeants
  A scorpion (D:7)
  8 wights
  4 howler monkeys
  2 electric eels (Lair:5)
  A spectral centaur (D:6)
  A centaur zombie (D:6)
  2 jellies
  2 gnoll boudas
  7 orc priests
  An iguana (D:5)
  12 orc wizards
  3 hell rats (Lair:1)
  A killer bee simulacrum (D:6)
  A spectral howler monkey (D:6)
  7 adders
  23 gnolls
  8 river rats (Lair:1)
  2 shadow imps
  2 white imps
  An ufetubus (D:7)
  2 worms
  2 dart slugs
  65 orcs
  3 ball pythons
  2 endoplasms
  3 giant cockroaches
  7 goblins
  4 hobgoblins
  7 jackals
  4 quokkas
  3 bats
  2 frilled lizards
  20 kobolds
  17 rats
  A butterfly (Lair:3)
556 creatures vanquished.

Vanquished Creatures (others)
  A butterfly (Lair:3)
  102 fulminant prisms
  64 fungi
  122 plants
289 creatures vanquished.

Grand Total: 845 creatures vanquished

Table legend: (Time is in decaauts)
 A = Elapsed time spent in this place.
 B = Non-inter-level travel time spent in this place.
 C = Inter-level travel time spent in this place.
 D = Time resting spent in this place.
 E = Time spent auto-exploring this place.
 F = Levels seen in this place.
 G = Mean time per level.
                   A        B        C        D        E       F      G
               +--------+--------+--------+--------+--------+-----+--------+
         Total |  37267 |  33929 |   3338 |  10258 |  17848 |  21 | 1774.6 |
       Dungeon |  19887 |  18133 |   1754 |   3567 |  11545 |  13 | 1529.8 |
        Temple |    178 |    162 |     16 |      0 |    150 |   1 |  178.0 |
          Lair |  16716 |  15158 |   1558 |   6397 |   6068 |   5 | 3343.2 |
  Orcish Mines |    485 |    476 |      9 |    294 |     85 |   2 |  242.5 |
               +--------+--------+--------+--------+--------+-----+--------+

Top non-repeatable levels by time:
  Lair:4: 5649 daAuts
  Lair:3: 3873 daAuts
     D:7: 3532 daAuts
  Lair:1: 2754 daAuts
    D:11: 2405 daAuts
  Lair:5: 2224 daAuts
  Lair:2: 2214 daAuts
    D:10: 1927 daAuts
    D:12: 1817 daAuts
     D:6: 1789 daAuts
     D:5: 1644 daAuts
     D:9: 1448 daAuts
     D:3: 1115 daAuts
     D:1: 1068 daAuts
     D:8: 1024 daAuts

Table legend:
 A = Non-vault XP
 B = Vault XP
 C = Vault XP percentage of total XP
 D = Non-vault monster count
 E = Vault monster count
 F = Vault count percentage of total count
                 A         B        C        D         E       F
            +---------+---------+-------+---------+---------+-------
      Total |   68643 |   33310 |  32.7 |     414 |     141 |  25.4
            +---------+---------+-------+---------+---------+-------
        D:1 |      32 |       0 |   0.0 |      21 |       0 |   0.0
        D:2 |      57 |       0 |   0.0 |      19 |       0 |   0.0
        D:3 |     161 |       0 |   0.0 |      16 |       0 |   0.0
        D:4 |     128 |     165 |  56.3 |      16 |       1 |   5.9
        D:5 |     564 |       0 |   0.0 |      18 |       0 |   0.0
        D:6 |    1268 |    1398 |  52.4 |      15 |       8 |  34.8
        D:7 |    2318 |       0 |   0.0 |      53 |       0 |   0.0
        D:8 |    2624 |       6 |   0.2 |      32 |       2 |   5.9
        D:9 |    2007 |     851 |  29.8 |       9 |       2 |  18.2
       D:10 |    2965 |    1137 |  27.7 |      27 |      10 |  27.0
       D:11 |    5187 |    1389 |  21.1 |      11 |      18 |  62.1
       D:12 |    3898 |    2521 |  39.3 |      17 |       3 |  15.0
       D:13 |    5412 |       0 |   0.0 |      14 |       0 |   0.0
     Lair:1 |    3648 |    1356 |  27.1 |      14 |      21 |  60.0
     Lair:2 |    4174 |    1383 |  24.9 |      19 |       6 |  24.0
     Lair:3 |   12875 |    2710 |  17.4 |      38 |      12 |  24.0
     Lair:4 |   12045 |   11619 |  49.1 |      32 |      31 |  49.2
     Lair:5 |    8271 |    7907 |  48.9 |      30 |      26 |  46.4
      Orc:1 |    1009 |     868 |  46.2 |      13 |       1 |   7.1
            +---------+---------+-------+---------+---------+-------
